 Dungeon Crawl Stone Soup version 0.31.0-4-g52a2dc7128 (webtiles) character file.

Game seed: 7029416847377977403

1357 Ijustatesigmund the Conjurer (level 8, 0/44 (51) HPs)
             Began as an Octopode Conjurer on Jan 18, 2024.
             Was an Initiate of Vehumet.
             Slain by Jeremiah
             ... wielding a +3 trident of draining
              (5 damage)
             ... on level 6 of the Dungeon on Jan 22, 2024.
             The game lasted 00:09:06 (5743 turns).

Ijustatesigmund the Conjurer (Octopode Conjurer)    Turns: 5743, Time: 00:09:07

HP:   0/44 (51)     AC:  1    Str:  6    XL:     8   Next: 64%
MP:   3/15          EV: 13    Int: 22    God:    Vehumet [......]
Gold: 220           SH:  0    Dex: 11    Spells: 9/16 levels left

rFire   . . .        h - +0 mace
rCold   + + .        (no shield)
rNeg    . . .        (helmet restricted)
rPois   .            (no amulet)
rElec   .            o - ring of protection from cold
rCorr   .            p - ring of protection from cold
SInv    .            (no ring)
Will    .....        (no ring)
Stlth   +++          (no ring)
HPRegen 0.27/turn    (no ring)
MPRegen 0.14/turn    (no ring)
                     (no ring)

%: no passive effects
@: heavily drained
A: almost no armour, amphibious, 8 rings, camouflage 1, gelatinous body 1,
(nimble swimmer 1), tentacles
a: Renounce Religion


You were on level 6 of the Dungeon.
You worshipped Vehumet.
Vehumet was noncommittal.
You visited 2 branches of the dungeon, and saw 7 of its levels.

You collected 220 gold pieces.

Inventory:

Hand Weapons
 h - a +0 mace (weapon)
Jewellery
 o - a ring of protection from cold (left tentacle)
 p - a ring of protection from cold (right tentacle)
Wands
 a - a wand of charming (6)
 q - a wand of polymorph (11)
 t - a wand of flame (13)
Scrolls
 b - 2 scrolls of teleportation {unknown}
 f - 2 scrolls of immolation
 g - 3 scrolls of revelation {unknown}
 i - 3 scrolls of identify
 k - a scroll of enchant armour {unknown}
 n - a scroll of amnesia {unknown}
 r - a scroll of noise {unknown}
Potions
 c - a potion of mutation
 d - 4 potions of curing
 e - 2 potions of haste
 j - 4 potions of lignification
 l - a potion of invisibility
 m - 2 potions of resistance
 s - a potion of degeneration {unknown}
 u - a potion of heal wounds {unknown}


   Skills:
 - Level 2.5 Fighting
 - Level 2.0 Dodging
 - Level 2.6 Stealth
 + Level 4.8 Spellcasting
 + Level 6.3 Conjurations
 * Level 5.5 Translocations
 + Level 4.2 Evocations


You had 9 spell levels left.
You knew the following spells:

 Your Spells              Type           Power      Damage    Failure   Level
a - Magic Dart            Conj           100%       1d8       1%          1
b - Searing Ray           Conj           66%        2d6       1%          2
c - Iskenderun's Mystic   Conj/Tloc      31%        2d8       9%          4

Your spell library contained the following spells:

 Spells                   Type           Power      Damage    Failure   Level
 Blink                    Tloc           58%        N/A       1%          2
 Slow                     Hex            20%        N/A       11%         1
 Call Imp                 Summ           10%        N/A       16%         2
 Fulminant Prism          Conj/Alch      9%         3d7       28%         4
 Confusing Touch          Hex            5%         N/A       30%         3
 Sigil of Binding         Hex            5%         N/A       30%         3
 Vampiric Draining        Necr           5%         2d6       30%         3


Dungeon Overview and Level Annotations

Branches:
Dungeon (6/15)             Temple (1/1) D:5

Altars:
Ashenzari
Cheibriados
Dithmenos
Elyvilon
Fedhas
Gozag
Kikubaaqudgha
Makhleb
Nemelex Xobeh
Okawaru
Qazlal
Ru
Sif Muna
Uskayaw
Vehumet
Xom
Yredelemnul
Zin

Annotations:
D:6 Jeremiah


Innate Abilities, Weirdness & Mutations

You cannot wear most types of armour.
You are amphibious.
You can wear up to eight rings at the same time.
Your skin changes colour to match your surroundings (Stealth+).
Your rubbery body absorbs attacks. (AC +1, EV +1)
((You are camouflaged when in or above water. (Stealth+)))
You have tentacles for arms and can constrict up to eight enemies at once.


Message History

You kill the butterfly!
The butterfly disappears in a burst of colours!
The searing ray hits Jeremiah!
Jeremiah is moderately wounded.
Jeremiah misses you.
The searing ray hits the butterfly!
You kill the butterfly!
The butterfly disappears in a burst of colours!
The searing ray hits Jeremiah.
Jeremiah is moderately wounded.
The searing ray hits the butterfly!
You kill the butterfly!
The butterfly disappears in a burst of colours!
You finish channelling your searing ray.
Jeremiah hits you from afar with a +3 trident of draining!
You feel drained.
Casting: Searing Ray (safe; 1% risk of failure)
Confirm with . or Enter, or press ? or * to list all spells.
Aiming: Searing Ray (safe; 1% risk of failure)
Press: ? - help, Shift-Dir - straight line, f/p - Jeremiah
Aim: Jeremiah, wielding a +3 trident of draining, wearing a +0 robe and wearing an orb of energy (moderately wounded, 76% to hit)
The searing ray misses the butterfly.
The searing ray misses Jeremiah. (Press . to maintain the ray.) Jeremiah hits you from afar with a +3 trident of draining.
You feel drained.
The searing ray hits the butterfly.
You kill the butterfly!
The butterfly disappears in a burst of colours!
The searing ray misses Jeremiah.
The searing ray hits the butterfly.
You kill the butterfly!
The butterfly disappears in a burst of colours!
Jeremiah hits you from afar with a +3 trident of draining!
* * * LOW HITPOINT WARNING * * *
You feel drained.
* * * LOW HITPOINT WARNING * * *
The searing ray misses the butterfly.
The searing ray hits Jeremiah.
Jeremiah is heavily wounded.
Jeremiah hits you from afar with a +3 trident of draining.
You die...
Jeremiah wails, "I didn't mean to kill anyone!
I'm not a murderer!"

. z. ..z ....
..... #####
...F..######...#
......z....'...#
..#.########.b.#
#<.)@bbb###
######F.#
.........#
.#..###### #


You could see Jeremiah.

Vanquished Creatures
  Grinder (D:4)
  An acid dragon (D:6)
  An ice beast (D:5)
  2 ogres
  A weeping skull (D:3)
  A phantom (D:5)
  A bullfrog (D:6)
  A scorpion (D:5)
  A wight (D:6)
  A howler monkey (D:5)
  2 bombardier beetles (D:3)
  2 hounds (D:5)
  An orc priest (D:3)
  A sleepcap (D:5)
  An iguana (D:5)
  6 orc wizards
  2 adders
  A shadow imp (D:5)
  2 ribbon worms
  4 dart slugs
  8 orcs (D:3)
  5 ball pythons
  5 bats
  9 endoplasms
  A giant cockroach (D:2)
  6 goblins
  4 hobgoblins
  4 kobolds
  7 quokkas
  A frilled lizard (D:3)
  4 rats
  A spectral orc (D:3)
88 creatures vanquished.

Notes
Turn   | Place    | Note
-------+----------+-------------------------------------------
     0 | D:1      | Ijustatesigmund the Octopode Conjurer began the quest for
                  | the Orb.
     0 | D:1      | Reached XP level 1. HP: 11/11 MP: 3/3
   232 | D:1      | Reached XP level 2. HP: 18/18 MP: 0/5
   235 | D:1      | Learned a level 2 spell: Searing Ray
   334 | D:1      | Reached skill level 1 in Fighting
   619 | D:1      | Found a faded altar of an unknown god.
   754 | D:1      | Reached XP level 3. HP: 23/23 MP: 4/6
   891 | D:1      | You fall into a shaft and drop 1 floor!
  1964 | D:3      | Found a basalt altar of Yredelemnul.
  1964 | D:3      | Noticed a weeping skull
  1982 | D:3      | Killed a weeping skull
  1983 | D:3      | Reached XP level 4. HP: 27/30 MP: 4/8
  1983 | D:3      | Reached XP level 5. HP: 32/35 MP: 4/9
  2143 | D:3      | Found an opulent altar of Gozag.
  2166 | D:3      | Learned a level 4 spell: Iskenderun's Mystic Blast
  2295 | D:3      | Reached skill level 1 in Translocations
  2298 | D:3      | Reached skill level 5 in Conjurations
  2501 | D:3      | Reached skill level 1 in Evocations
  2501 | D:3      | Reached XP level 6. HP: 41/41 MP: 1/11
  3164 | D:4      | Noticed Grinder
  3170 | D:4      | Paralysed by Grinder for 3 turns
  3182 | D:4      | Killed Grinder
  3183 | D:4      | Reached XP level 7. HP: 36/45 MP: 0/12
  4034 | D:5      | Entered Level 5 of the Dungeon
  4559 | D:5      | Found a staircase to the Ecumenical Temple.
  4699 | D:5      | Reached XP level 8. HP: 51/51 MP: 8/14
  4757 | Temple   | Entered the Ecumenical Temple
  4767 | Temple   | Became a worshipper of Vehumet
  5064 | D:5      | Reached skill level 6 in Conjurations
  5228 | D:5      | Reached skill level 5 in Translocations
  5623 | D:6      | Upgraded the game from 0.31-b1-22-gc680215f68 to
                  | 0.31.0-4-g52a2dc7128
  5644 | D:6      | Noticed Jeremiah
  5743 | D:6      | Slain by Jeremiah

Illustrated notes

Levels and vault maps discovered:
D:1:      dpeg_arrival_chambers_temple_mockup, layout_basic,
          hellmonk_ecumenical_altar_blasted,
          nicolae_concentric_dashed_squares_mild
D:2:      layout_loops_cross
D:3:      layout_loops_ring, old_standard_altar,
          yredelemnul_forgotten_temple_becter, st_stairs_7
D:4:      layout_basic, uniq_grinder
D:5:      layout_loops_corners, minmay_temple_entry_nine_rooms,
          minmay_a_box_with_orc_wizards_in_it
D:6:      layout_basic, lemuel_doored_altar, trog_wizard, serial_shops,
          nicolae_shop_industrial_runoff, minmay_misc_feat_rows, uniq_jeremiah,
          uniq_pikel
Temple:   nicolae_temple_x_marks_the_god

Skill      XL: |  1  2  3  4  5  6  7  8 |
---------------+-------------------------+-----
Fighting       | 1 2 |  2.5
Spellcasting   | 3 4 |  4.8
Translocations | 1 3 4 5 |  5.5
Conjurations   | 5 6 |  6.3
Evocations     | 1 2 3 4 |  4.2
Dodging        | |  2.0
Stealth        | |  2.6

Action                     |  1- 3 |  4- 6 |  7- 9 || total
---------------------------+-------+-------+-------++-------
  Melee: Unarmed           |     8 |       |       ||     8
         Constrict         |     4 |     3 |     4 ||    11
         Tentacles         |     2 |     4 |     8 ||    14
         Mace              |     3 |    12 |    26 ||    41
   Cast: Magic Dart        |    65 |    29 |    33 ||   127
         Searing Ray       |     3 |    10 |    22 ||    35
    Use: Potion            |     1 |     2 |       ||     3
         Scroll            |       |       |     5 ||     5
   Stab: Distracted        |     1 |     1 |       ||     2
         Sleeping          |       |       |     3 ||     3
 Armour: Skin              |    10 |    11 |    31 ||    52
  Dodge: Dodged            |    11 |     6 |    29 ||    46
